 Dungeon Crawl Stone Soup version 0.30.0-18-gc0e69614cb (webtiles) character file.

Game seed: 3371062097977684979

26 CaptainMV the Caller (level 2, -3/19 HPs)
             Began as a Demonspawn Wanderer on May 25, 2023.
             Slain by a worm (8 damage)
             ... on level 2 of the Dungeon.
             The game lasted 00:08:30 (944 turns).

CaptainMV the Caller (Demonspawn Wanderer)           Turns: 944, Time: 00:08:30

Health: -3/19      AC:  3    Str:  9    XL:     2   Next: 89%
Magic:  2/4        EV: 12    Int: 17    God:
Gold:   64         SH:  0    Dex: 11    Spells: 0/3 levels left

rFire   . . .        b - +2 short sword (venom)
rCold   . . .        (no shield)
rNeg    . . .        c - +0 robe
rPois   .            (no helmet)
rElec   .            d - +0 cloak
rCorr   .            (no gloves)
SInv    .            (no boots)
Will    .....        (no amulet)
Stlth   +            (no ring)
HPRegen 0.23/turn    (no ring)
MPRegen 0.09/turn

%: no passive effects
@: no status effects
A: ignite blood 1
a: no special abilities


You were on level 2 of the Dungeon.
You visited 1 branch of the dungeon, and saw 2 of its levels.

You collected 64 gold pieces.

Inventory:

Hand Weapons
 a - a +0 dagger
 b - a +2 short sword of venom (weapon)
Missiles
 h - 5 poisoned darts (quivered)
Armour
 c - a +0 robe (worn)
 d - a +0 cloak (worn)
Scrolls
 e - a scroll of blinking
 g - 4 scrolls of identify
 i - a scroll of fear
Potions
 f - a potion of berserk rage
 j - a potion of mutation {unknown}
 k - a potion of invisibility


   Skills:
 + Level 3.0 Dodging
 + Level 1.3 Spellcasting
 + Level 3.6 Summonings
 + Level 1.8 Translocations
 + Level 1.2 Invocations


You couldn't memorise any spells.
You knew the following spells:

 Your Spells              Type           Power      Damage    Failure   Level
a - Summon Small Mammal   Summ           52%        N/A       4%          1
b - Call Imp              Summ           26%        N/A       7%          2

Your spell library contained the following spells:

 Spells                   Type           Power      Damage    Failure   Level
 Apportation              Tloc           14%        N/A       10%         1
 Teleport Other           Tloc           7%         N/A       28%         3
 Animate Armour           Summ/Erth      14%        N/A       69%         4


Dungeon Overview and Level Annotations

Branches:
Dungeon (2/15)

Altars:


Innate Abilities, Weirdness & Mutations

Your demonic aura sometimes causes spilled blood to erupt in flames.


Message History

The kobold hits you with a +0 whip.
You barely miss the worm.
Your bat hits the worm but does no damage.
Your bat barely misses the kobold.
Your cerulean imp hits the kobold but does no damage.
The worm bites you but does no damage. The kobold hits you but does no damage.
The kobold barely misses you.
You hit the worm.
The worm is lightly wounded.
Your bat barely misses the worm.
Your cerulean imp barely misses the kobold.
The kobold hits you but does no damage. The kobold barely misses you.
The worm bites you but does no damage.
You hit the kobold but do no damage.
The kobold is poisoned.
Your bat hits the worm but does no damage.
Your cerulean imp hits the kobold from afar with a -3 spear.
The kobold dies!
The kobold hits you with a +1 dagger of protection.
Unknown command.
You miss the kobold.
Your cerulean imp barely misses the kobold.
The kobold hits you with a +1 dagger of protection.
Your bat hits the worm. The worm closely misses you.
You hit the kobold but do no damage.
The kobold looks as sick as possible!
Your bat hits the worm but does no damage.
Your bat hits the worm.
Your cerulean imp hits the kobold but does no damage.
The kobold hits you but does no damage.
You hit the kobold.
You kill the kobold!
Your bat hits the worm but does no damage.
Your cerulean imp hits the worm but does no damage.
The worm bites you.
* * * LOW HITPOINT WARNING * * *
You hit the worm.
The worm is poisoned.
The worm is moderately wounded.
Your bat disappears in a puff of smoke!
Your cerulean imp hits the worm from afar with a -3 spear.
The worm bites you!
You die...

####### #..... ..
#.##.. .# # #.##.# .#.#
#.##.# #.#.###
#########.##.###.......
#.......>..†[##.§.....#
#.#######.....5))......
#.# #..#...@w...... #.#
#....##..##.#.# #.#
#.#..##..# #.#
#........# #.#
#......... #.#
#.#..###.## #.# #.#..
.# #.# # #.. .# ##.#


You could see a worm (very poisoned, ally target) and a friendly cerulean imp
(summoned).

Vanquished Creatures
  A giant cockroach (D:1)
  2 hobgoblins (D:1)
  2 kobolds
  A ball python (D:1)
  3 bats (D:1)
  A frilled lizard (D:2)
10 creatures vanquished.

Vanquished Creatures (collateral kills)
  A worm (D:2)
  2 endoplasms
  A goblin (D:1)
  2 bats (D:1)
  2 frilled lizards (D:1)
  3 kobolds
  4 rats (D:1)
15 creatures vanquished.

Grand Total: 25 creatures vanquished

Notes
Turn   | Place    | Note
-------+----------+-------------------------------------------
     0 | D:1      | CaptainMV the Demonspawn Wanderer began the quest for the
                  | Orb.
     0 | D:1      | CaptainMV set off with the following items: a +0 dagger, a
                  | potion of invisibility, a +0 robe, a +0 cloak; and the
                  | following spells available to memorise: Summon Small
                  | Mammal, Call Imp, Apportation, Teleport Other, Animate
                  | Armour.
     0 | D:1      | Reached XP level 1. HP: 13/13 MP: 2/2
    10 | D:1      | Learned a level 1 spell: Summon Small Mammal
   340 | D:1      | Gained mutation: Your demonic aura sometimes causes spilled
                  | blood to erupt in flames. [demonic ancestry]
   340 | D:1      | Reached XP level 2. HP: 18/19 MP: 0/3
   839 | D:2      | Learned a level 2 spell: Call Imp
   944 | D:2      | Slain by a worm

Illustrated notes

Levels and vault maps discovered:
D:1:      dpeg_arrival_ternary, layout_loops_ring, nicolae_hexahallways,
          serial_park_tiny_1
D:2:      layout_loops_ring, grunt_ministairs_2, nicolae_shop_vocational

Skill      XL: |  1  2 |
---------------+-------+-----
Dodging        | 3 |  3.0
Spellcasting   | |  1.3
Summonings     | |  3.6
Translocations | |  1.8
Invocations    | |  1.2

Action                     || total
---------------------------++-------
  Melee: Dagger            ||    37
         Short sword       ||    15
   Cast: Summon Small Mamm ||    24
         Call Imp          ||     1
    Use: Scroll            ||     3
 Armour: Robe              ||    22
  Dodge: Dodged            ||    41
